 Dungeon Crawl Stone Soup version 0.31-a0-150-g89dc3ad700 (webtiles) character file.

Game seed: 18040895158643506791

17 qw the Shooter (level 2, -6/17 HPs)
             Began as a Gargoyle Hunter on June 8, 2023.
             Mangled by Natasha (7 damage)
             ... on level 2 of the Dungeon.
             The game lasted 00:00:12 (521 turns).

qw the Shooter (Gargoyle Hunter)                     Turns: 521, Time: 00:00:13

Health: -6/17      AC:  5    Str: 14    XL:     2   Next: 62%
Magic:  2/2        EV: 11    Int:  9    God:
Gold:   21         SH:  0    Dex: 13    Spells: 1/1 levels left

rFire   . . .        Y - +0 shortbow
rCold   . . .        (shield currently unavailable)
rNeg    + . .        c - +0 leather armour
rPois   inf          (no helmet)
rElec   +            (no cloak)
rCorr   .            (no gloves)
SInv    .            (no boots)
Will    .....        (no amulet)
Stlth   +            (no ring)
HPRegen 0.22/turn    (no ring)
MPRegen 0.08/turn

%: no passive effects
@: no status effects
A: sickness immunity, AC +2, negative energy resistance 1, electricity
resistance, torment resistance 1, petrification resistance
a: no special abilities


You were on level 2 of the Dungeon.
You visited 1 branch of the dungeon, and saw 2 of its levels.

You collected 57 gold pieces.
You spent 36 gold pieces at shops.


Innate Abilities, Weirdness & Mutations

You are immune to sickness and miasma.
Your stone body is resilient. (AC +2)
You are immune to poison.
You resist negative energy. (rN+)
You are resistant to electric shocks. (rElec)
You are resistant to unholy torment.
You are immune to petrification.


   Skills:
 - Level 2.1 Fighting
 + Level 4.7 Ranged Weapons
 - Level 1.5 Dodging
 - Level 1.1 Stealth


You had one spell level left.
You didn't know any spells.
Your spell library was empty.

Inventory:

Hand Weapons
 Y - a +0 shortbow (weapon)
Armour
 a - the +0 robe of Eternal Vigilance {rPois rF- Stlth+}
   (You found it on level 2 of the Dungeon)

   rF:        It makes you vulnerable to fire.
   rPois:     It protects you from poison.
   Stlth:     It makes you more stealthy.
 c - a +0 leather armour (worn)
Potions
 d - 2 potions of curing
 e - a potion of degeneration {unknown}

Dungeon Overview and Level Annotations

Branches:
Dungeon (2/15)

Altars:

Shops:
D:2 *

Annotations:
D:2 Natasha


Message History

Natasha mumbles some strange words.
Natasha glows brightly for a moment.
Natasha mumbles some strange words.
The kobold hits you with a +0 dagger.
513 ||| Stepping ~*~*~tactically~*~*~ (outnumbered).
The endoplasm attacks as you move away! The endoplasm closely misses you.
The kobold attacks as you move away! The kobold barely misses you.
You shoot an arrow. The arrow hits the endoplasm.
You kill the endoplasm!
The kobold hits you with a +0 dagger.
You shoot an arrow. The arrow hits the kobold.
You kill the kobold!
The hobgoblin barely misses you.
The hobgoblin hits you but does no damage.
You shoot an arrow. The arrow closely misses the hobgoblin.
The arrow hits Natasha but does no damage.
The hobgoblin hits you but does no damage.
You shoot an arrow. The arrow barely misses Natasha.
Natasha casts a spell at you. The magic dart hits you.
The cerulean imp hits you but does no damage.
The hobgoblin hits you but does no damage.
You shoot an arrow. The arrow misses Natasha.
Natasha claws you.
The cerulean imp hits you from afar with a +0 spear.
The hobgoblin hits you but does no damage.
You shoot an arrow. The arrow closely misses Natasha.
Natasha claws you.
The cerulean imp hits you but does no damage.
The hobgoblin barely misses you. Natasha closely misses you.
You shoot an arrow. The arrow hits Natasha.
Natasha is moderately wounded.
The cerulean imp barely misses you. The hobgoblin misses you.
Natasha casts a spell.
The cerulean imp hits you but does no damage.
The hobgoblin hits you but does no damage.
You shoot an arrow. The arrow hits Natasha.
Natasha is moderately wounded.
Natasha claws you!
You die...

### ### ... #.. ... ..
... #.# #.#. . [.. #.#
#.#.# ###. #.# #.# #.#
...... #.# #
#.###.###..#.# #.# #.##
.......##..#.# #.##.....
#..###.##..#.####h.......
#..##..........5@g5)....#
#..###.....#.#######....#
#..# ##.##.#.# ....
#..####.##.#.# h..
#............# 5.
...####....### # ##.#
#...### #.... ##. #...##


You could see Natasha, 2 cerulean imps and a hobgoblin.

Vanquished Creatures
  A dart slug (D:1)
  3 endoplasms
  3 giant cockroaches
  2 hobgoblins (D:1)
  A frilled lizard (D:1)
  3 kobolds (D:2)
  A rat (D:1)
14 creatures vanquished.

Notes
Turn   | Place    | Note
-------+----------+-------------------------------------------
     0 | D:1      | qw the Gargoyle Hunter began the quest for the Orb.
     0 | D:1      | Reached XP level 1. HP: 12/12 MP: 1/1
     0 | D:1      | 0 ||| qw: Version: 0.2-a-120-gdf1a93b
     0 | D:1      | 0 ||| qw: Game counter: 2954
     0 | D:1      | 0 ||| qw: Always use a shield: true
     0 | D:1      | 0 ||| qw: God list: Okawaru
     0 | D:1      | 0 ||| qw: Allow faded altars: false
     0 | D:1      | 0 ||| qw: Do Orc after D:15 true
     0 | D:1      | 0 ||| qw: Do second Lair branch before Depths: true
     0 | D:1      | 0 ||| qw: Lair rune preference: random
     0 | D:1      | 0 ||| qw: Plans: Normal
     0 | D:1      | 0 ||| PLANNING D:1-11
   230 | D:1      | Reached XP level 2. HP: 17/17 MP: 2/2
   427 | D:1      | 427 ||| DROPPING ring of magical power.
   428 | D:1      | 428 ||| READING scroll labelled MIMNIA ETZEPT.
   429 | D:1      | 429 ||| DRINKING 2 fuming puce potions.
   430 | D:1      | 430 ||| DROPPING scroll of butterflies.
   442 | D:2      | Found Poudoxoc's General Store.
   448 | D:2      | 448 ||| SHOPLISTING +0 robe of willpower (92 gold, have
                  | 47).
   448 | D:2      | 448 ||| SHOPLISTING amulet of reflection (360 gold, have
                  | 47).
   448 | D:2      | 448 ||| BUYING potion of curing (36 gold).
   448 | D:2      | Bought a potion of curing for 36 gold pieces
   448 | D:2      | 448 ||| SHOPLISTING scroll of identify (24 gold, have 11).
   497 | D:2      | Identified the +0 robe of Eternal Vigilance {rPois rF-
                  | Stlth+}
   510 | D:2      | Noticed Natasha
   513 | D:2      | 513 ||| Stepping ~*~*~tactically~*~*~ (outnumbered).
   518 | D:2      | HP: 1/17 [cerulean imp/+0 spear[Natasha] (4)]
   521 | D:2      | Mangled by Natasha

Levels and vault maps discovered:
D:1:      lemuel_arrival_cross, layout_basic, fountainhead
D:2:      layout_loops_ring, serial_shops, shop, basic_altar, dk_noncrumbling_2,
          uniq_natasha

Action                     || total
---------------------------++-------
   Fire: Shortbow          ||    49
    Use: Scroll            ||     1
         Potion            ||     1
 Armour: Leather armour    ||    12
  Dodge: Dodged            ||    13

Table legend:
 A = Non-vault XP
 B = Vault XP
 C = Vault XP percentage of total XP
 D = Non-vault monster count
 E = Vault monster count
 F = Vault count percentage of total count
                 A         B        C        D         E       F
            +---------+---------+-------+---------+---------+-------
      Total |      25 |       0 |   0.0 |      14 |       0 |   0.0
            +---------+---------+-------+---------+---------+-------
        D:1 |      16 |       0 |   0.0 |       8 |       0 |   0.0
        D:2 |       9 |       0 |   0.0 |       6 |       0 |   0.0
            +---------+---------+-------+---------+---------+-------
